 Dungeon Crawl Stone Soup version 0.18.1-8-gdd0e5ea (webtiles) character file.

58 eoe the Shooter (level 3, -2/29 HPs)
             Began as a Centaur Hunter on June 1, 2016.
             Slain by a goblin (3 damage)
             ... led by Robin
             ... on level 2 of the Dungeon.
             The game lasted 00:10:43 (1494 turns).

eoe the Shooter (Centaur Hunter)                    Turns: 1494, Time: 00:10:45

Health: -2/29      AC:  8    Str: 14    XL:     3   Next: 75%
Magic:  3/3        EV:  8    Int: 10    God:
Gold:   102        SH:  2    Dex: 10    Spells: 0 memorised, 2 levels left

rFire  . . .     SeeInvis .     b - +0 short sword
rCold  . . .     Gourm    .     h - +3 ring mail
rNeg   . . .     Faith    .     (no shield)
rPois  .         Spirit   .     (no helmet)
rElec  .         Dismiss  .     (no cloak)
rCorr  .         Reflect  +     (no gloves)
SustAt .         Harm     .     (no barding)
MR     .....                    e - +2 amulet of reflection
Stlth  ..........               (no ring)
                                (no ring)

@: very quick, not resistant to hostile enchantments, extremely unstealthy
A: hooves 3, deformed body, speed 2, tough skin 3
a: no special abilities


You were on level 2 of the Dungeon.
You were not hungry.

You visited 1 branch of the dungeon, and saw 2 of its levels.

You collected 102 gold pieces.

Inventory:

Hand Weapons
 a - a +1 shortbow
 b - a +0 short sword (weapon)
Missiles
 d - 8 arrows
Armour
 c - a +0 leather armour
 h - a +3 ring mail (worn)
Jewellery
 e - a +2 amulet of reflection (around neck)
Scrolls
 g - 3 scrolls of immolation {unknown}
 i - a scroll of teleportation {unknown}
 j - a scroll of identify {unknown}
 k - a scroll of random uselessness {unknown}
Comestibles
 f - a bread ration


   Skills:
 - Level 2.0 Fighting
 * Level 6.7 Bows
 - Level 1.3 Dodging
 + Level 1.4 Stealth


You had 2 spell levels left.
You didn't know any spells.

Dungeon Overview and Level Annotations

Branches:
Dungeon (2/15)

Altars:

Annotations:
D:2 Robin


Innate Abilities, Weirdness & Mutations

You have hooves in place of feet.
Armour fits poorly on your strangely shaped body.
You cover ground very quickly.
You have extremely tough skin (AC +3).


Message History

The hobgoblin barely misses you. The giant gecko bites you.
* * * LOW HITPOINT WARNING * * *
Robin misses you.
You hit the goblin. Your kick misses the goblin.
The goblin is severely wounded.
The goblin hits you.
* * * LOW HITPOINT WARNING * * *
The goblin misses you.
The giant gecko bites you but does no damage.
The goblin hits you with a club.
* * * LOW HITPOINT WARNING * * *
The hobgoblin hits you but does no damage.
Robin closely misses you.
You hit the goblin but do no damage.
The goblin is severely wounded.
The goblin no longer looks unusually strong.
The giant gecko bites you.
* * * LOW HITPOINT WARNING * * *
The goblin hits you.
You die...

####.#. ##.#g#####
....... ....[....
......# #(#...# ......#
######<....# ...(..#
#.....(..####.#
......###.....(........
#........(...g.....#
##......(..ggg######
#.....(...gl@#
#(....(รท...gg#
#..(.....(..g#
#............#
#####........#
#........# ##########


You could see Robin, a giant gecko, 2 hobgoblins and 5 goblins.

Vanquished Creatures
  An adder (D:2)
  2 dart slugs (D:1)
  A giant gecko (D:1)
  A giant cockroach (D:1)
  11 goblins
  3 hobgoblins (D:1)
  6 jackals (D:1)
  3 kobolds (D:1)
  5 bats
  2 giant newts (D:1)
  5 rats (D:1)
40 creatures vanquished.

Notes
Turn   | Place    | Note
--------------------------------------------------------------
     0 | D:1      | eoe the Centaur Hunter began the quest for the Orb.
     0 | D:1      | Reached XP level 1. HP: 17/17 MP: 1/1
   214 | D:1      | Reached XP level 2. HP: 23/24 MP: 2/2
   364 | D:1      | Reached skill level 1 in Stealth
   466 | D:1      | Reached skill level 6 in Bows
   710 | D:1      | Reached XP level 3. HP: 28/29 MP: 3/3
  1089 | D:2      | HP: 1/29 [poisoned by an adder]
  1095 | D:2      | HP: 1/29 [poisoned by an adder]
  1111 | D:2      | Noticed Robin
  1494 | D:2      | HP: 1/29 [giant gecko (1)]
  1494 | D:2      | Slain by a goblin

Skill      XL: |  1  2 |
---------------+-------+-----
Stealth        | 1 |  1.4
Bows           | 6 |  6.7
Fighting       | |  2.0
Dodging        | |  1.3

Action                   || total
-------------------------++-------
Melee: Short sword       ||    48
       Kick              ||    11
 Fire: Shortbow          ||    90
  Use: Potion            ||     1
  Eat: Bread ration      ||     1
Armor: Leather armour    ||     3
       Ring mail         ||    73
Dodge: Dodged            ||    84
Block: Other             ||    14
       Reflection        ||     1
